 Dungeon Crawl Stone Soup version 0.17-a0-1497-g03599f7 (webtiles) character file.

11964 Fizybubbleh the Dealer of Despair (level 11, 83/83 HPs)
             Began as a Demonspawn Necromancer on July 5, 2015.
             Was an Elder of Kikubaaqudgha.
             Quit the game on level 11 of the Dungeon on July 6, 2015.
             The game lasted 01:21:29 (16066 turns).

Fizybubbleh the Dealer of Despair (DsNe)           Turns: 16066, Time: 01:21:29

Health: 83/83      AC:  5    Str:  7    XL:     11   Next: 56%
Magic:  32/32      EV: 19    Int: 20    God:    Kikubaaqudgha [****..]
Gold:   241        SH:  0    Dex: 13    Spells: 8 memorised, 1 level left

rFire  . . .     SeeInvis .     S - +0 falchion (flame)
rCold  + . .     Clarity  +     a - +0 robe
rNeg   . . .     SustAt   .     (no shield)
rPois  .         Gourm    .     (helmet restricted)
rElec  .         Spirit   .     Y - +0 cloak
rCorr  .         Warding  .     j - +0 pair of gloves
rMut   .         Stasis   .     y - +0 pair of boots
MR     +....                    E - amulet of clarity
Stlth  ++........               p - +3 ring of slaying
                                X - ring of magical power

@: somewhat resistant to hostile enchantments, unstealthy
A: antennae 1, repulsion field 2, cold resistance 1, magic resistance 1, powered
by death 1, weak 1
a: Receive Corpses, Renounce Religion


You were on level 11 of the Dungeon.
You worshipped Kikubaaqudgha.
Kikubaaqudgha was greatly pleased with you.
You were not hungry.

You visited 2 branches of the dungeon, and saw 12 of its levels.
You visited 1 bazaar.

You collected 680 gold pieces.
You spent 439 gold pieces at shops.

Inventory:

Hand weapons
 q - a +0 blowgun
 S - a +0 falchion of flaming (weapon)
Missiles
 h - 4 curare-tipped needles
 i - 16 javelins (quivered)
 z - 78 poisoned needles
Armour
 a - a +0 robe (worn)
 j - a +0 pair of gloves (worn)
 y - a +0 pair of boots (worn)
 Y - a +0 cloak (worn)
Jewellery
 f - an uncursed ring of magical power
 p - a +3 ring of slaying (right hand)
 D - an uncursed amulet of the gourmand
 E - an amulet of clarity (around neck)
 U - an uncursed ring of see invisible
 X - a ring of magical power (left hand)
Magical devices
 b - a wand of lightning (3)
 M - a wand of draining (0)
 O - a wand of confusion (10)
 P - a wand of paralysis (0)
Scrolls
 d - 3 scrolls of remove curse
 g - 3 scrolls of fear
 l - a scroll of recharging {unknown}
 v - a scroll of immolation {unknown}
 x - 6 scrolls of teleportation
 G - a scroll of enchant armour
 N - a scroll of magic mapping {unknown}
 Q - 2 scrolls of brand weapon
 R - a scroll of enchant weapon {unknown}
 T - a scroll of silence {unknown}
 V - 3 scrolls of blinking
Potions
 e - a potion of brilliance
 k - 5 potions of heal wounds
 r - 4 potions of flight
 s - 5 potions of haste
 t - a potion of lignification {unknown}
 A - a potion of might
 B - a potion of curing
 J - a potion of magic
 K - a potion of agility
 L - a potion of cancellation
 Z - a potion of resistance
Books
 n - Kikubaaqudgha's Compendium of Sinister Arts
   (Kikubaaqudgha gifted it to you on level 6 of the Dungeon)

   Spells                             Type                      Level
   a - Excruciating Wounds            Charms/Necromancy            5
   b - Bolt of Draining               Conjuration/Necromancy       5
   c - Cigotuvi's Embrace             Necromancy                   5
   d - Dispel Undead                  Necromancy                   5
   e - Death Channel                  Necromancy                   6
 o - a book of Minor Magic

   Spells                             Type                      Level
   a - Magic Dart                     Conjuration                  1
   b - Blink                          Translocation                2
   c - Call Imp                       Summoning                    2
   d - Repel Missiles                 Charms/Air                   2
   e - Slow                           Hexes                        2
   f - Conjure Flame                  Conjuration/Fire             3
   g - Mephitic Cloud                 Conjuration/Poison/Air       3
 H - a book of Debilitation

   Spells                             Type                      Level
   a - Corona                         Hexes                        1
   b - Slow                           Hexes                        2
   c - Gell's Gravitas                Hexes/Translocation          3
   d - Inner Flame                    Hexes/Fire                   3
   e - Cause Fear                     Hexes                        4
   f - Leda's Liquefaction            Hexes/Earth                  4
 I - Kikubaaqudgha's Disquisition on Evil Rites
   (Kikubaaqudgha gifted it to you on level 6 of the Dungeon)

   Spells                             Type                      Level
   a - Pain                           Necromancy                   1
   b - Corpse Rot                     Necromancy                   2
   c - Sublimation of Blood           Necromancy                   2
   d - Vampiric Draining              Necromancy                   3
   e - Control Undead                 Necromancy                   4
 W - a Grand Grimoire

   Spells                             Type                      Level
   a - Monstrous Menagerie            Summoning                    6
   b - Summon Greater Demon           Summoning                    7
   c - Malign Gateway                 Summoning/Translocation      7
   d - Summon Horrible Things         Summoning                    8
Comestibles
 c - 5 bread rations
 u - 8 slices of pizza
 w - 15 fruits
 C - 2 royal jellies
 F - 5 meat rations


   Skills:
 - Level 6.7 Fighting
 - Level 7.4 Dodging
 - Level 1.7 Stealth
 - Level 8.5 Spellcasting
 + Level 7.8 Conjurations
 - Level 10.3 Necromancy
 - Level 4.6 Evocations


You had one spell level left.
You knew the following spells:

 Your Spells              Type           Power        Failure   Level  Hunger
a - Pain                  Necr           ####         1%          1    None
c - Vampiric Draining     Necr           #####.....   1%          3    None
d - Animate Dead          Necr           N/A          1%          4    ###....
e - Control Undead        Necr           #####.....   1%          4    ###....
f - Corpse Rot            Necr           N/A          1%          2    None
g - Dispel Undead         Necr           #####...     4%          5    #####..
h - Bolt of Draining      Conj/Necr      #####.....   8%          5    #####..
i - Repel Missiles        Chrm/Air       #.....       14%         2    None


Dungeon Overview and Level Annotations

Branches:
Dungeon (11/15)            Temple (1/1) D:4            Lair (0/8) D:11
    Orc (0/4) D:10

Altars:
Ashenzari
Cheibriados
Dithmenos
Elyvilon
Kikubaaqudgha
Makhleb
Okawaru
Ru
Sif Muna
Trog
Vehumet
Xom
Zin
The Shining One
Beogh

Shops:
D:6 *   D:7 !   D:9 [   D:10 *

Annotations:
D:4 Ajdolov's ghost, average VSMo; Grinder
D:5 urechis's ghost, experienced DsGl
D:8 exclusions: downstairs and 1 more exclusion
D:9 exclusion: door


Innate Abilities, Weirdness & Mutations

You have a pair of small antennae on your head.
You are surrounded by a moderate repulsion field (EV +3).
Your flesh is cold resistant.
You regenerate a little health from kills.
You are resistant to hostile enchantments.
You are weak. (Str -2)


Message History

Erolcha looks even sicker.
Erolcha seems to slow down.
Erolcha closely misses you.
Erolcha is engulfed in dark miasma.
Erolcha looks even sicker.
Erolcha completely misses you.
You hit Erolcha. You burn Erolcha.
Erolcha is engulfed in dark miasma.
You kill Erolcha!
Kikubaaqudgha accepts your kill.
Really walk into that cloud of foul pestilence?
Okay, then.
You start resting.
MP restored: 32 Really walk into that cloud of foul pestilence? [Y]es or [N]o only, please.
Really walk into that cloud of foul pestilence?
Okay, then.
You open the door.
There is an open door here.
You feel less regenerative.
There is an open door here.
You open the door.
A giant frog zombie comes into view.

.......# ######'##### #..
.......### #..........# #..
n......'.####..........### #..
.......#.>..#).........'.######..
.......####.'..........#......'..
####'### ###..........########..
#{ ###'######## ### #. #.### #
#.@.# ###'# ## ... ... ..... ....
.....Z. ..... ## .......
......###..+ ....... .......<.u#
....... .....F#####


You could see a giant frog zombie (dormant).

Vanquished Creatures
  Erolcha (D:11)
  A hydra (D:8)
  Erica (D:9)
  Nergalle (D:10)
  A hill giant (D:11)
  Pikel (D:4)
  An ugly thing (D:11)
  Prince Ribbit (D:6)
  A troll (D:11)
  2 two-headed ogres
  A basilisk (D:9)
  6 yaks
  3 water moccasins
  Duvessa (D:6)
  5 orc warriors
  A slave (D:4)
  Purgy (D:4)
  A black bear (D:6)
  2 phantoms
  8 ogres
  7 centaurs
  8 big kobolds
  A crocodile (D:9)
  Blork the orc (D:6)
  5 giant frogs
  Dowan (D:6)
  3 scorpions
  10 killer bees
  4 crimson imps
  13 orc wizards
  7 orc priests
  3 centaur skeletons
  8 hounds
  8 worker ants
  A giant frog skeleton (D:9)
  3 jellies
  A gnoll shaman (D:9)
  Natasha (D:3)
  5 iguanas
  2 sheep (D:8)
  2 hound skeletons
  10 adders
  3 gnolls (D:9)
  A river rat (D:11)
  2 shadow imps
  An ooze (D:1)
  An adder skeleton (D:4)
  2 adder zombies
  7 worms
  8 giant geckos
  39 orcs
  2 ball pythons
  16 bats
  A bat skeleton (D:7)
  A bat zombie (D:6)
  9 giant cockroaches
  19 goblins
  17 hobgoblins
  26 jackals
  A giant gecko skeleton (D:4)
  8 giant newts
  40 kobolds
  6 quokkas
  2 quokka skeletons
  12 rats
368 creatures vanquished.

Vanquished Creatures (collateral kills)
  A wraith (D:9)
  A black bear (D:8)
  A necrophage (D:11)
  A big kobold (D:8)
  A centaur (D:10)
  A giant frog (D:11)
  A water moccasin zombie (D:8)
  A crimson imp (D:10)
  A shadow imp (D:7)
  A kobold (D:9)
  A plant (D:9)
11 creatures vanquished.

Vanquished Creatures (others)
  An adder (D:4)
  A worm (D:4)
  A goblin (D:4)
  A quokka (D:4)
  A rat (D:9)
  2 fungi (D:11)
  2 plants (D:8)
9 creatures vanquished.

Grand Total: 388 creatures vanquished

Notes
Turn   | Place    | Note
--------------------------------------------------------------
     0 | D:1      | Fizybubbleh the Demonspawn Necromancer began the quest for the Orb.
     0 | D:1      | Reached XP level 1. HP: 13/13 MP: 3/3
    56 | D:1      | Learned a level 1 spell: Animate Skeleton
   368 | D:1      | Gained mutation: You have a pair of small antennae on your head. [demonic ancestry]
   368 | D:1      | Reached XP level 2. HP: 17/19 MP: 3/5
   495 | D:1      | Reached skill level 5 in Necromancy
  1363 | D:1      | Reached XP level 3. HP: 18/24 MP: 0/6
  2327 | D:2      | Reached skill level 6 in Necromancy
  2544 | D:2      | Gained mutation: Your flesh is cold resistant. [demonic ancestry]
  2544 | D:2      | Reached XP level 4. HP: 25/30 MP: 1/7
  3291 | D:3      | Learned a level 3 spell: Vampiric Draining
  3989 | D:3      | Reached skill level 7 in Necromancy
  3989 | D:3      | Reached XP level 5. HP: 28/35 MP: 0/8
  4490 | D:3      | Noticed Natasha
  4552 | D:3      | Killed Natasha
  4888 | D:4      | Gained mutation: You are resistant to hostile enchantments. [potion of beneficial mutation]
  5011 | D:4      | Noticed Grinder
  5034 | D:4      | Paralysed by Grinder for 7 turns
  5198 | D:4      | Noticed Purgy
  5431 | D:4      | Noticed Ajdolov's ghost (average VSMo)
  5636 | D:4      | Reached skill level 8 in Necromancy
  5636 | D:4      | Gained mutation: You regenerate a little health from kills. [demonic ancestry]
  5636 | D:4      | Reached XP level 6. HP: 36/41 MP: 9/9
  5736 | D:4      | Found a shimmering altar of Xom.
  5763 | D:4      | Reached skill level 1 in Fighting
  5830 | D:3      | Upgraded the game from 0.17-a0-1485-g22cb0ee to 0.17-a0-1497-g03599f7
  5959 | D:4      | Killed Purgy
  6031 | D:4      | Found a staircase to the Ecumenical Temple.
  6040 | Temple   | Entered the Ecumenical Temple
  6076 | Temple   | Became a worshipper of Kikubaaqudgha
  6139 | D:4      | Noticed a slave
  6140 | D:4      | Noticed a slave
  6260 | D:4      | Killed a slave
  6509 | D:4      | Reached XP level 7. HP: 25/53 MP: 8/10
  6659 | D:4      | Noticed a slave
  6660 | D:4      | Noticed a slave
  6662 | D:4      | Noticed Pikel
  6685 | D:4      | Killed Pikel
  6685 | D:4      | Gained mutation: You are surrounded by a mild repulsion field (EV +2). [demonic ancestry]
  6685 | D:4      | Reached XP level 8. HP: 36/65 MP: 0/11
  7119 | D:5      | Entered Level 5 of the Dungeon
  7161 | D:5      | Found an iron altar of Okawaru.
  7306 | D:5      | Found a shattered altar of Ashenzari.
  7492 | D:5      | Noticed urechis's ghost (experienced DsGl)
  8144 | D:6      | Noticed Duvessa
  8252 | D:6      | Acquired Kikubaaqudgha's first power
  8252 | D:6      | Received a gift from Kikubaaqudgha
  8255 | D:6      | Identified Kikubaaqudgha's Disquisition on Evil Rites (Kikubaaqudgha gifted it to you on level 6 of the Dungeon)
  8261 | D:6      | Learned a level 4 spell: Animate Dead
  8266 | D:6      | Found Huytot's Assorted Antiques.
  8287 | D:6      | Reached skill level 5 in Dodging
  8376 | D:6      | Found a radiant altar of Vehumet.
  8528 | D:6      | Killed Duvessa
  8645 | D:7      | Found a snail-covered altar of Cheibriados.
  8871 | D:7      | Reached XP level 9. HP: 50/71 MP: 12/12
  9147 | D:7      | You fall through a shaft for 2 floors!
  9147 | D:9      | Noticed Erica
  9183 | D:8      | Acquired Kikubaaqudgha's second power
  9354 | D:8      | Learned a level 4 spell: Control Undead
  9933 | D:8      | Reached skill level 5 in Spellcasting
 10076 | D:8      | Learned a level 2 spell: Corpse Rot
 10135 | D:8      | Noticed a three-headed hydra
 10162 | D:8      | Killed a three-headed hydra
 10162 | D:8      | Gained mutation: You are surrounded by a moderate repulsion field (EV +3). [demonic ancestry]
 10162 | D:8      | Reached XP level 10. HP: 32/77 MP: 14/18
 10359 | D:8      | Found a bloodstained altar of Trog.
 10672 | D:7      | Found a glowing golden altar of the Shining One.
 10733 | D:7      | Found Jiow's Distillery.
 10736 | D:7      | Bought a potion of heal wounds for 60 gold pieces
 10736 | D:7      | Bought a potion of heal wounds for 60 gold pieces
 10978 | D:6      | Noticed Dowan
 10993 | D:6      | Killed Dowan
 11149 | D:6      | Noticed Blork the orc
 11158 | D:6      | Killed Blork the orc
 11158 | D:6      | Reached skill level 9 in Necromancy
 11180 | D:6      | Noticed Prince Ribbit
 11282 | D:6      | Found a deep blue altar of Sif Muna.
 11498 | D:6      | Reached skill level 10 in Necromancy
 11749 | D:6      | Killed Prince Ribbit
 11749 | D:6      | Received a gift from Kikubaaqudgha
 11760 | D:6      | Identified Kikubaaqudgha's Compendium of Sinister Arts (Kikubaaqudgha gifted it to you on level 6 of the Dungeon)
 11767 | D:6      | Learned a level 5 spell: Dispel Undead
 12362 | D:9      | Killed Erica
 12493 | D:9      | Found Yfuel's Armour Shoppe.
 13112 | D:9      | Acquired Kikubaaqudgha's third power
 13163 | D:9      | Learned a level 5 spell: Bolt of Draining
 13231 | D:9      | Reached skill level 1 in Conjurations
 13258 | D:9      | Reached XP level 11. HP: 80/83 MP: 2/23
 14114 | D:9      | Learned a level 2 spell: Repel Missiles
 14444 | D:10     | Entered Level 10 of the Dungeon
 14594 | D:10     | Found a staircase to the Orcish Mines.
 14644 | D:10     | Noticed Nergalle
 14692 | D:10     | Killed Nergalle
 14857 | D:10     | Reached skill level 5 in Conjurations
 14947 | D:10     | Found Giduott's Serpentskin Sales.
 15177 | D:10     | Found a roughly hewn altar of Beogh.
 15483 | D:11     | Noticed Erolcha
 15500 | D:11     | Noticed a hill giant
 15510 | D:11     | Killed a hill giant
 15545 | D:11     | Found a flickering gateway to a bazaar.
 15549 | Bazaar   | Entered a bazaar
 15549 | Bazaar   | Found Senkot's Jewellery Shoppe.
 15560 | Bazaar   | Found Nofocl Vysen's General Store.
 15586 | Bazaar   | Found Iqirghivi's Antique Armour Shoppe.
 15594 | Bazaar   | Found Uhoewn's Book Boutique.
 15639 | Bazaar   | Bought a scroll of brand weapon for 160 gold pieces
 15670 | Bazaar   | Bought a faintly humming robe for 159 gold pieces
 15684 | Bazaar   | Identified the cursed -5 robe of Misfortune {-Cast *Contam *Tele EV-4 Str-2 Int-2 Dex-2 Stlth-- *Curse} (You bought it in a shop in a bazaar)
 15702 | Bazaar   | Gained mutation: You are weak. (Str -2) [mutagenic glow]
 15884 | D:11     | Found a staircase to the Lair.
 16046 | D:11     | Killed Erolcha
 16066 | D:11     | Quit the game

Vault maps used:
D:1:      dpeg_arrival_chase
D:2:      serial_forest, infiniplex_forest_corner_1, infiniplex_forest_join,
          infiniplex_forest_clump_curved, infiniplex_forest_straight_2,
          infiniplex_forest_zigzag_2, infiniplex_forest_clump_tiny,
          infiniplex_forest_clump_large, minmay_misc_feat_square,
          kennysheep_generic_room_16
D:3:      first_bread, grunt_ministairs_3, hangedman_decor_growths,
          bh_walls_and_bars, uniq_natasha
D:4:      led_xom_imps, minmay_temple_entry_trees, hangedman_minor_gate_pass,
          uniq_grinder, uniq_pikel, uniq_purgy
D:5:      cheibrodos_ashenzari_chains, basic_altar, dk_noncrumbling_2
D:6:      overflow_temple_1_default, lemuel_coloured_pillars_altar,
          serial_shops, shop, uniq_blork_the_orc, uniq_prince_ribbit1,
          uniq_duvessa
D:7:      tso_oasis_becter, serial_shops, kennysheep_mini, cheibriados_altar_1
D:8:      lightli_temple_of_fire, hangedman_ranch
D:9:      kennysheep_housing_project, lemuel_mausoleum_altar_yredelemnul,
          serial_shops, shop, minmay_misc_feat_chi, uniq_erica
D:10:     minmay_orc_entry_temple_small, guppyfry_shop_venom, uniq_nergalle
D:11:     due_lair_maze_entry_diamond, serial_shops, bzr_in_the_mist,
          uniq_erolcha
Temple:   zaba_magenta_temple_12
Bazaar:   bazaar_kb_twisted_cavern

Action                   |  1- 3 |  4- 6 |  7- 9 | 10-12 || total
-------------------------+-------+-------+-------+-------++-------
Melee: Whip              |     8 |   140 |   164 |       ||   312
       Falchion          |       |       |    86 |   335 ||   421
 Fire: Blowgun           |       |       |       |     2 ||     2
Throw: Stone             |     6 |     8 |     2 |       ||    16
       Javelin           |       |       |       |    18 ||    18
 Cast: Pain              |    80 |   142 |   174 |   242 ||   638
       Animate Skeleton  |     3 |     2 |     2 |       ||     7
       Vampiric Draining |       |     6 |    28 |    97 ||   131
       Animate Dead      |       |       |     3 |     9 ||    12
       Control Undead    |       |       |       |     2 ||     2
       Corpse Rot        |       |       |       |     1 ||     1
Invok: Receive Corpses   |       |       |     1 |     4 ||     5
Evoke: Wand              |       |       |    10 |     8 ||    18
  Use: Scroll            |       |     7 |       |    20 ||    27
       Potion            |       |     1 |       |       ||     1
 Stab: Sleeping          |       |     2 |     2 |     1 ||     5
       Paralysed         |       |       |    12 |       ||    12
       Distracted        |       |       |       |     1 ||     1
  Eat: Chunk             |     4 |     9 |    13 |    19 ||    45
       Meat ration       |     1 |     1 |       |     1 ||     3
       Fruit             |       |     1 |       |       ||     1
       Beef jerky        |       |       |     1 |       ||     1
       Bread ration      |       |       |       |     1 ||     1
